 Dungeon Crawl Stone Soup version 0.28-a0-1506-g3893175d92 (webtiles) character file.

Game seed: 992348960509792959

212 karrick the Covered (level 5, 0/33 HPs)
             Began as a Gargoyle Fighter on Jan 14, 2022.
             Slain by an ogre (16 damage)
             ... on level 5 of the Dungeon.
             The game lasted 00:04:20 (4325 turns).

karrick the Covered (Gargoyle Fighter)              Turns: 4325, Time: 00:04:20

Health: 0/33       AC: 11    Str: 20    XL:     5   Next: 90%
Magic:  5/5        EV:  9    Int:  8    God:
Gold:   225        SH:  4    Dex: 11    Spells: 4/4 levels left

rFire   . . .      SeeInvis +   p - +1 flail (vorpal)
rCold   . . .      Faith    .   c - +0 buckler
rNeg    + . .      Spirit   .   b - +0 scale mail
rPois   ∞          Reflect  .   (no helmet)
rElec   +          Harm     .   (no cloak)
rCorr   .          Rampage  .   (no gloves)
Will    .....                   (no boots)
Stlth   ..........              (no amulet)
HPRegen 0.11/turn               g - ring of see invisible
MPRegen 0.09/turn               (no ring)

@: no status effects
A: sickness immunity, AC +4, negative energy resistance 1, electricity
resistance, torment resistance 1, petrification resistance
a: no special abilities


You were on level 5 of the Dungeon.
You visited 1 branch of the dungeon, and saw 5 of its levels.

You collected 225 gold pieces.

Inventory:

Hand Weapons
 a - a +0 flail
 i - a +0 mace of draining
 o - a +2 whip of freezing
 p - a +1 vorpal flail (weapon)
Armour
 b - a +0 scale mail (worn)
 c - a +0 buckler (worn)
Jewellery
 g - a ring of see invisible (left hand)
Wands
 q - a wand of digging (7)
 r - a wand of charming (5)
Scrolls
 d - 2 scrolls of amnesia
 f - 2 scrolls of vulnerability
 h - 5 scrolls of identify
 l - a scroll of brand weapon {unknown}
 m - a scroll of blinking {unknown}
 n - a scroll of fog {unknown}
Potions
 e - a potion of heal wounds {unknown}
 j - a potion of mutation {unknown}
 k - 2 potions of ambrosia {unknown}


   Skills:
 + Level 4.0 Fighting
 + Level 4.1 Maces & Flails
 + Level 4.5 Armour
 + Level 0.4 Dodging
 + Level 1.0 Stealth
 + Level 3.8 Shields


You had 4 spell levels left.
You didn't know any spells.
Your spell library contained the following spells:

 Spells                   Type           Power      Damage    Failure   Level
 Sandblast                Erth           0%         2d4       83%         1
 Passwall                 Tmut/Erth      0%         N/A       93%         2
 Stone Arrow              Conj/Erth      0%         3d7       99%         3


Dungeon Overview and Level Annotations

Branches:
Dungeon (5/15)
 Temple: D:4-7

Altars:
Ashenzari
Hepliaklqana
Trog


Innate Abilities, Weirdness & Mutations

You are immune to sickness and miasma.
Your stone body is resilient. (AC +4)
You are immune to poison.
You resist negative energy. (rN+)
You are resistant to electric shocks. (rElec)
You are resistant to unholy torment.
You are immune to petrification.


Message History

You kill the worm!
No target in view!
No target in view!
No target in view!
No target in view!
You see here a worm corpse.
j - an inky potion
Found a ring mail.
An ogre comes into view. It is wielding a +0 giant club.
The ogre closely misses you.
You sock the ogre!
The ogre is heavily wounded.
The ogre hits you with a +0 giant club!!
Ouch! That really hurt!
You are too injured to fight recklessly!
You are too injured to fight recklessly!
You are too injured to fight recklessly!
You are too injured to fight recklessly!
You are too injured to fight recklessly!
You are too injured to fight recklessly!
You are too injured to fight recklessly!
You are too injured to fight recklessly!
You are too injured to fight recklessly!
You are too injured to fight recklessly!
You are too injured to fight recklessly!
You are too injured to fight recklessly!
You are too injured to fight recklessly!
You are too injured to fight recklessly!
You are too injured to fight recklessly!
You are too injured to fight recklessly!
You are too injured to fight recklessly!
You are too injured to fight recklessly!
You are too injured to fight recklessly!
You hit the ogre.
The ogre is severely wounded.
You block the ogre's attack.
You hit the ogre.
The ogre is almost dead.
The ogre hits you with a +0 giant club!
You die...

#..###..##
#..##..##
#..#..##
#....##
#...##
##..###
##...###
##....##
##..@.#
##..O.#
#........
##........
.........
.##[....#
# #....#
.....


You could see an ogre.

Vanquished Creatures
  A scorpion (D:5)
  An orc wizard (D:3)
  A hound skeleton (D:4)
  2 adders (D:2)
  4 worms
  2 dart slugs
  8 orcs
  6 endoplasms
  2 giant cockroaches (D:1)
  8 goblins
  6 hobgoblins
  A jackal (D:3)
  A quokka (D:3)
  10 ball pythons
  6 bats
  2 frilled lizards (D:1)
  8 kobolds
  4 rats
73 creatures vanquished.

Vanquished Creatures (others)
  A fungus (D:1)
  3 toadstools (D:1)
4 creatures vanquished.

Grand Total: 77 creatures vanquished

Notes
Turn   | Place    | Note
-------+----------+-------------------------------------------
     0 | D:1      | karrick the Gargoyle Fighter began the quest for the Orb.
     0 | D:1      | Reached XP level 1. HP: 14/14 MP: 1/1
   414 | D:1      | Reached XP level 2. HP: 18/19 MP: 2/2
  1072 | D:2      | Reached XP level 3. HP: 18/24 MP: 3/3
  1540 | D:2      | Found a faded altar of an unknown god.
  1821 | D:2      | Reached XP level 4. HP: 3/29 MP: 4/4
  2392 | D:3      | Found a hazy altar of Hepliaklqana.
  2401 | D:3      | Found a broken altar of Ashenzari.
  3470 | D:3      | Reached XP level 5. HP: 16/33 MP: 5/5
  3656 | D:4      | Reached skill level 1 in Stealth
  3761 | D:4      | Noticed an orc warrior
  3762 | D:4      | Found a bloodstained altar of Trog.
  4039 | D:5      | Entered Level 5 of the Dungeon
  4319 | D:5      | Noticed an ogre
  4325 | D:5      | Slain by an ogre

Illustrated notes

Levels and vault maps discovered:
D:1:      lightli_arrival_isolated_outpost, layout_basic, st_stairs_13,
          minmay_gold_behind_fungi
D:2:      layout_basic, dreamdust_ecumenical_altar_grove,
          kennysheep_generic_room_2
D:3:      layout_loops_corners, grunt_temple_overflow_open,
          hangedman_feature_mirror, minmay_vboxes
D:4:      layout_gridville, nzn_overflow_gifts_of_might_and_magic, slow_altar_1,
          minmay_fractal_squares_diagonal_5
D:5:      layout_layer_cave, uniq_blork_the_orc

Skill      XL: |  1  2  3  4  5 |
---------------+----------------+-----
Armour         | 4 |  4.5
Maces & Flails | 3 4 |  4.1
Stealth        | 1 |  1.0
Fighting       | 4 |  4.0
Dodging        | |  0.4
Shields        | |  3.8

Action                   |  1- 3 |  4- 6 || total
-------------------------+-------+-------++-------
Melee: Flail             |   148 |   117 ||   265
  Use: Potion            |       |     4 ||     4
       Scroll            |       |     4 ||     4
Armor: Scale mail        |    71 |    71 ||   142
Dodge: Dodged            |    72 |    52 ||   124
Block: Buckler           |    37 |    22 ||    59

Table legend: (Time is in decaauts)
 A = Elapsed time spent in this place.
 B = Non-inter-level travel time spent in this place.
 C = Inter-level travel time spent in this place.
 D = Time resting spent in this place.
 E = Time spent auto-exploring this place.
 F = Levels seen in this place.
 G = Mean time per level.
                   A        B        C        D        E       F      G
               +--------+--------+--------+--------+--------+-----+--------+
         Total |   4412 |   4313 |     99 |    541 |   3119 |   5 |  882.4 |
       Dungeon |   4412 |   4313 |     99 |    541 |   3119 |   5 |  882.4 |
               +--------+--------+--------+--------+--------+-----+--------+

Top non-repeatable levels by time:
     D:2: 1503 daAuts
     D:3: 1244 daAuts
     D:1: 933 daAuts
     D:4: 442 daAuts
     D:5: 288 daAuts
